 Dungeon Crawl Stone Soup version 0.31.0-12-g77e489cdc1 (webtiles) character file.

Game seed: 8470248279330768456

410 Doomgape the Trooper (level 6, -1/40 HPs)
             Began as a Gargoyle Fighter on Feb 13, 2024.
             Incinerated by a bombardier beetle (3 damage)
             ... with a burning spray
             ... on level 4 of the Dungeon.
             The game lasted 00:07:01 (2371 turns).

Doomgape the Trooper (Gargoyle Fighter)             Turns: 2371, Time: 00:07:01

Health: -1/40      AC: 14    Str: 22    XL:     6   Next: 89%
Magic:  6/6        EV:  8    Int:  8    God:
Gold:   244        SH:  4    Dex:  9    Spells: 5/5 levels left

rFire   . . .        a - +0 flail
rCold   . . .        c - +0 buckler
rNeg    + . .        e - +0 chain mail
rPois   ∞            (no helmet)
rElec   +            (no cloak)
rCorr   .            (no gloves)
SInv    .            (no boots)
Will    +....        (no amulet) Stlth
                     h - ring of willpower
HPRegen 0.26/turn    (no ring)
MPRegen 0.10/turn

%: no passive effects
@: on fire, glowing
A: sickness immunity, AC +4, negative energy resistance 1, electricity
resistance, torment resistance 1, petrification resistance
a: no special abilities


You were on level 4 of the Dungeon.
You visited 1 branch of the dungeon, and saw 4 of its levels.

You collected 244 gold pieces.

Inventory:

Hand Weapons
 a - a +0 flail (weapon)
 i - a +0 dagger
Armour
 c - a +0 buckler (worn)
 e - a +0 chain mail (worn)
Jewellery
 h - a ring of willpower (left hand)
Scrolls
 f - a scroll of identify
 g - 2 scrolls of fear
 m - a scroll of blinking {unknown}
 n - a scroll of teleportation {unknown}
Potions
 b - a potion of invisibility {unknown}
 d - 2 potions of might
 j - 2 potions of heal wounds
 k - 2 potions of attraction {unknown}
 l - 2 potions of resistance {unknown}


   Skills:
 + Level 5.4 Fighting
 + Level 4.3 Maces & Flails
 + Level 5.4 Armour
 - Level 3.2 Shields


You had 5 spell levels left.
You didn't know any spells.
Your spell library contained the following spells:

 Spells                   Type           Power      Damage    Failure   Level
 Inner Flame              Hex/Fire       0%         N/A       100%        3
 Flame Wave               Conj/Fire      0%         2d4       100%        4
 Sticky Flame             Fire/Alch      0%         2d4       100%        4


Dungeon Overview and Level Annotations

Branches:
Dungeon (4/15)
 Temple: D:4-7

Altars:
Ashenzari
Fedhas
Kikubaaqudgha
Nemelex Xobeh
Ru
Xom


Innate Abilities, Weirdness & Mutations

You are immune to sickness and miasma.
Your stone body is resilient. (AC +4)
You are immune to poison.
You resist negative energy. (rN+)
You are resistant to electric shocks. (rElec)
You are resistant to unholy torment.
You are immune to petrification.


Message History

You hear a shout!
You shake off some of the fire as you move.
The liquid fire burns you!
You hear a shout!
The bombardier beetle attacks as it pursues you!
The bombardier beetle bites you but does no damage.
You shake off the liquid fire.
You closely miss the orc. The orc hits you but does no damage. x3
You block the orc's attack.
You thump the orc!
You kill the orc!
The orc hits you from afar with a +0 trident.
The orc hits you but does no damage.
Things that are here:
a +0 short sword; a +0 leather armour; an orc corpse You thump the bombardier beetle!
The bombardier beetle is almost dead.
The orc barely misses you.
The bombardier beetle sprays incendiary fluid at you.
The burning spray hits you.
You are covered in liquid fire!
You closely miss the bombardier beetle.
The bombardier beetle is almost dead.
The liquid fire burns you!
An orc comes into view. It is wielding a +0 hand axe.
The orc hits you with a +0 trident.
You block the bombardier beetle's attack.
You barely miss the bombardier beetle.
The bombardier beetle is almost dead.
The liquid fire burns you! The orc hits you with a +0 trident. x2
You hit the bombardier beetle.
You kill the bombardier beetle!
The liquid fire burns you!
* * * LOW HITPOINT WARNING * * *
The orc hits you with a +0 trident.
* * * LOW HITPOINT WARNING * * *
You shake off some of the fire as you move.
The liquid fire burns you!
You die...

#.##### # #.# # #.# # #.#
# #########.#
.........>########## #####
#########..........#######
#.########.##.....
#.#....)@...#o#
#.#.####o..##o# #.#.#
#...# .# #.#.# #...# .o
######.#.## #...# o'
#.........# #...# ..
#.........# #...# #
#.........# #....
######.#.## #..###


You could see 3 orcs.

Vanquished Creatures
  A scorpion (D:4)
  3 bombardier beetles
  A hound (D:4)
  Terence (D:3)
  Natasha (twice) (D:2)
  3 adders
  4 gnolls (D:3)
  A ribbon worm (D:2)
  A dart slug (D:1)
  11 orcs
  6 ball pythons
  6 bats
  4 endoplasms
  3 giant cockroaches
  6 goblins
  4 hobgoblins
  A kobold (D:1)
  A quokka (D:1)
  5 frilled lizards
  6 rats
70 creatures vanquished.

Notes
Turn   | Place    | Note
-------+----------+-------------------------------------------
     0 | D:1      | Doomgape the Gargoyle Fighter began the quest for the Orb.
     0 | D:1      | Reached XP level 1. HP: 14/14 MP: 1/1
    36 | D:1      | Reached XP level 2. HP: 8/19 MP: 2/2
   266 | D:1      | Found a faded altar of an unknown god.
   331 | D:1      | Reached XP level 3. HP: 24/24 MP: 3/3
   712 | D:2      | Noticed Natasha
   716 | D:2      | Killed Natasha
   821 | D:2      | Reached XP level 4. HP: 29/29 MP: 4/4
   976 | D:2      | Noticed Natasha
   992 | D:2      | Killed Natasha
  1060 | D:2      | Found a shimmering altar of Xom.
  1255 | D:3      | Noticed Terence
  1260 | D:3      | Killed Terence
  1261 | D:3      | Reached XP level 5. HP: 34/34 MP: 5/5
  1716 | D:3      | Reached XP level 6. HP: 23/40 MP: 6/6
  1720 | D:3      | Reached skill level 5 in Fighting
  1928 | D:3      | Found an ancient bone altar of Kikubaaqudgha.
  2075 | D:4      | Reached skill level 5 in Armour
  2193 | D:4      | Found a broken altar of Ashenzari.
  2256 | D:4      | Found a blossoming altar of Fedhas.
  2256 | D:4      | Found a sparkling altar of Nemelex Xobeh.
  2257 | D:4      | Found a sacrificial altar of Ru.
  2257 | D:4      | Found a shimmering altar of Xom.
  2370 | D:4      | HP: 2/40 [orc/+0 trident (5)]
  2371 | D:4      | Incinerated by a bombardier beetle

Illustrated notes

Levels and vault maps discovered:
D:1:      lightli_molten_gateway, layout_rooms,
          hellmonk_ecumenical_altar_crossroads
D:2:      layout_loops_cross, basic_altar, minmay_misc_feat_columns,
          uniq_natasha
D:3:      layout_basic, general_overflow_altar, uniq_terence
D:4:      layout_basic, mainiacjoe_overflow_alcove_4,
          nicolae_ashenzari_panopticon, grunt_temple_overflow_open,
          minmay_temple_entry_mist, uniq_eustachio, uniq_ijyb, uniq_pikel,
          uniq_pargi

Skill      XL: |  1  2  3  4  5  6 |
---------------+-------------------+-----
Fighting       | 4 5 |  5.4
Armour         | 4 5 |  5.4
Maces & Flails | 3 4 |  4.3
Shields        | |  3.2

Action                     |  1- 3 |  4- 6 || total
---------------------------+-------+-------++-------
  Melee: Flail             |    96 |   163 ||   259
    Use: Scroll            |       |     8 ||     8
 Armour: Scale mail        |    68 |    24 ||    92
         Chain mail        |       |    85 ||    85
  Dodge: Dodged            |    56 |    63 ||   119
  Block: Buckler           |    26 |    49 ||    75
